 Dungeon Crawl Stone Soup version 0.31-a0-355-g57cb03d3e8 (webtiles) character file.

Game seed: 2391941007629261269

79 porpoise the Shooter (level 4, -3/35 HPs)
             Began as a Human Hunter on July 24, 2023.
             Killed from afar by an orc wizard (9 damage)
             ... with a magic dart
             ... on level 3 of the Dungeon.
             The game lasted 00:04:59 (2056 turns).

porpoise the Shooter (Human Hunter)                 Turns: 2056, Time: 00:05:00

Health: -3/35      AC:  3    Str: 11    XL:     4   Next: 64%
Magic:  4/4        EV: 12    Int:  9    God:
Gold:   147        SH:  0    Dex: 19    Spells: 3/3 levels left

rFire   . . .        a - +0 shortbow
rCold   . . .        (shield currently unavailable)
rNeg    . . .        c - +0 leather armour
rPois   .            (helmet restricted)
rElec   .            (no cloak)
rCorr   .            (no gloves)
SInv    .            (no boots)
Will    +....        (no amulet)
Stlth   ++           (no ring)
HPRegen 0.25/turn    (no ring)
MPRegen 0.09/turn

%: clarity
@: attractive, enlightened, flying, hasted, very quick
A: antennae 1, clarity, deterioration 1
a: no special abilities


You were on level 3 of the Dungeon.
You visited 1 branch of the dungeon, and saw 3 of its levels.

You collected 147 gold pieces.

Inventory:

Hand Weapons
 a - a +0 shortbow (weapon)
Missiles
 h - 5 poisoned darts
Armour
 c - a +0 leather armour (worn)
Jewellery
 d - a ring of positive energy
 p - a +4 ring of protection
Scrolls
 b - a scroll of butterflies
 g - a scroll of revelation {unknown}
 j - a scroll of amnesia {unknown}
 l - a scroll of teleportation {unknown}
 m - a scroll of vulnerability {unknown}
 o - a scroll of enchant armour {unknown}
 r - a scroll of noise {unknown}
Potions
 k - a potion of might {unknown}
 n - a potion of mutation
 q - a potion of heal wounds {unknown}
 s - a potion of lignification {unknown}
 t - a potion of enlightenment


   Skills:
 + Level 3.0 Fighting
 * Level 5.2 Ranged Weapons
 - Level 2.0 Dodging
 - Level 1.0 Stealth


You had 3 spell levels left.
You didn't know any spells.
Your spell library contained the following spells:

 Spells                   Type           Power      Damage    Failure   Level
 Tukima's Dance           Hex            0%         N/A       85%         3
 Passage of Golubria      Tloc           0%         N/A       99%         4
 Yara's Violent Unravell  Hex/Tmut       0%         3d3       100%        5


Dungeon Overview and Level Annotations

Branches:
Dungeon (3/15)

Altars:
Vehumet

Annotations:
D:2 Sigmund


Innate Abilities, Weirdness & Mutations

You have a pair of small antennae on your head.
You possess an exceptional clarity of mind.
Your body sometimes deteriorates upon taking damage.


Message History

The orc priest hits you with a +0 hand axe.
You shoot an arrow. The arrow hits the orc priest!
The orc priest is almost dead.
The orc priest mumbles some strange prayers to Beogh against you.
You barely resist. You shoot an arrow.
The arrow closely misses the orc priest.
The orc priest calls down the wrath of Beogh upon you.
Beogh smites you!
You shoot an arrow. The arrow barely misses the orc priest.
The orc priest closely misses you.
You shoot an arrow. The arrow hits the orc priest.
You kill the orc priest!
Your Fighting skill increases to level 3!
Your Ranged Weapons skill increases to level 5!
You shoot an arrow. Something hits you.
* * * LOW HITPOINT WARNING * * *
Something hits you.
* * * LOW HITPOINT WARNING * * *
You shoot an arrow. Something hits you.
* * * LOW HITPOINT WARNING * * *
It was a potion of enlightenment.
You feel very buoyant.
You fly up into the air.
Something hits you.
* * * LOW HITPOINT WARNING * * *
It was a potion of haste.
You feel yourself speed up. Something hits you.
* * * LOW HITPOINT WARNING * * *
It was a potion of attraction.
You feel attractive to monsters.
It was a potion of curing.
You feel better. Something hits you.
You shoot an arrow.
You hear some strange, mumbled words.
A magic dart appears from out of thin air!
The magic dart hits you.
* * * LOW HITPOINT WARNING * * *
You shoot an arrow.
You hear some strange, mumbled words.
A magic dart appears from out of thin air!
The magic dart hits you!
You die...

#..#####.##..............#
#...o.o.....#.# ##.....#
#..##.#.###.#.# ###..##
#...o.#.# #...# ##.#
#o##..#.###.### .##
#..#.....# ....
#..#.#.#.#########.#
#..#.#{#.##)......#
#....#@#.##.##....#
........)..........#
##.#..#.##.##..#+#.#
#.#.......##.## #
#...##..#.##.# ##
##...........## #.
##.###.####..#### ## # .#
##....# # ###..# #


There were no monsters in sight!

Vanquished Creatures
  An orc priest (D:3)
  An adder (D:2)
  2 worms
  2 orcs (D:3)
  5 ball pythons
  3 bats
  2 endoplasms
  5 giant cockroaches
  A hobgoblin (D:1)
  A quokka (D:2)
  A frilled lizard (D:3)
  2 goblins
  4 kobolds
  5 rats (D:1)
35 creatures vanquished.

Notes
Turn   | Place    | Note
-------+----------+-------------------------------------------
     0 | D:1      | porpoise the Human Hunter began the quest for the Orb.
     0 | D:1      | Reached XP level 1. HP: 16/16 MP: 1/1
   192 | D:1      | Reached XP level 2. HP: 22/22 MP: 2/2
   837 | D:2      | Found a radiant altar of Vehumet.
  1061 | D:2      | Reached XP level 3. HP: 16/28 MP: 3/3
  1450 | D:2      | Noticed Sigmund
  2036 | D:3      | Reached XP level 4. HP: 26/34 MP: 4/4
  2036 | D:3      | Gained mutation: Your body sometimes deteriorates upon
                  | taking damage. [potion of mutation]
  2036 | D:3      | Gained mutation: You possess an exceptional clarity of
                  | mind. [potion of mutation]
  2036 | D:3      | Gained mutation: You have a pair of small antennae on your
                  | head. [potion of mutation]
  2049 | D:3      | Reached skill level 5 in Ranged Weapons
  2056 | D:3      | Killed from afar by an orc wizard

Illustrated notes

Levels and vault maps discovered:
D:1:      dpeg_arrival_arbitrary_a, layout_loops_ring,
          amcnicky_mini_corridor_feature, minmay_heptomino_h4
D:2:      layout_basic, basic_altar, uniq_sigmund
D:3:      layout_loops_ring, shapermc_ecumenical_altar_mp_highgroup,
          minmay_joined_circles, uniq_natasha

Skill      XL: |  1  2  3  4 |
---------------+-------------+-----
Fighting       | 3 |  3.0
Ranged Weapons | 5 |  5.2
Dodging        | |  2.0
Stealth        | |  1.0

Action                     |  1- 3 |  4- 6 || total
---------------------------+-------+-------++-------
   Fire: Shortbow          |   104 |    16 ||   120
    Use: Potion            |       |     5 ||     5
 Armour: Leather armour    |     7 |     1 ||     8
  Dodge: Dodged            |    20 |     8 ||    28

Table legend: (Time is in decaauts)
 A = Elapsed time spent in this place.
 B = Non-inter-level travel time spent in this place.
 C = Inter-level travel time spent in this place.
 D = Time resting spent in this place.
 E = Time spent auto-exploring this place.
 F = Levels seen in this place.
 G = Mean time per level.
                   A        B        C        D        E       F      G
               +--------+--------+--------+--------+--------+-----+--------+
         Total |   2082 |   1991 |     91 |    281 |   1409 |   3 |  694.0 |
       Dungeon |   2082 |   1991 |     91 |    281 |   1409 |   3 |  694.0 |
               +--------+--------+--------+--------+--------+-----+--------+

Top non-repeatable levels by time:
     D:1: 1030 daAuts
     D:2: 783 daAuts
     D:3: 268 daAuts
